AoeStats
← felipegarcia92

Black Forest

510032882Analyzed
4v4 RM · 4d ago on Sep 29, 2026· 44m 26s· 8 players
Game mode
Random Map
Map size
Large (8 player)
Population
200
Speed
Normal
Resources
Standard
Victory
Conquest
Starting age
Dark Age
Ending age
Imperial Age
RankedLock teamsTeams togetherTeam positionsShared explorationLock speedFull tech treeHidden civsTurbo modeCheats
Victory
Defeat
🇲🇽 Khmer · Mexico
1050
+11
🇲🇽 Turks · Mexico
1035
+11
🇲🇽 Teutons · Mexico
1016
+12
🇲🇽 Franks · Mexico
913
+16
🇨🇦 Koreans · Canada
954
-14
🇨🇱 Varangians · Chile
937
-13
🇺🇾 Danes · Uruguay
902
-12
🇺🇾 Khmer · Uruguay
898
-11
Dannu
11:33 Feudal Age
12:47 Double-Bit Axe
15:52 Castle Age
15:30 Stone Mining
15:22 Horse Collar
24:26 Bow Saw
24:48 Heavy Plow
26:40 Wheelbarrow
25:51 Town Watch
25:53 Loom
26:39 Fervor
26:58 Gold Mining
27:46 Stone Shaft Mining
28:46 Hand Cart
28:32 Town Patrol
28:59 Caravan
34:04 Imperial Age
31:41 Scale Barding Armor
31:49 Forging
33:41 Chain Barding Armor
33:56 Iron Casting
33:14 Fletching
33:54 Ballistics
33:52 Bloodlines
33:42 Husbandry
35:46 Conscription
35:15 Pikeman
35:55 Squires
36:37 Plate Barding Armor
37:02 Blast Furnace
38:07 Halberdier
38:52 Scale Mail Armor
39:33 Bodkin Arrow
39:29 Cavalier
40:46 Chain Mail Armor
40:32 Gambesons
43:16 Plate Mail Armor
42:47 Bracer
MA
1:01 Loom
13:44 Feudal Age
14:48 Horse Collar
14:55 Double-Bit Axe
21:38 Castle Age
20:46 Stone Mining
22:05 Gold Mining
26:29 Gold Shaft Mining
26:30 Stone Shaft Mining
26:42 Bow Saw
27:00 Heavy Plow
27:43 Wheelbarrow
32:35 Imperial Age
30:27 Hand Cart
30:51 Squires
34:22 Chemistry
33:21 Fletching
33:42 Forging
33:32 Scale Mail Armor
33:38 Scale Barding Armor
33:34 Pikeman
34:21 Halberdier
36:43 Two-Man Saw
38:47 Town Watch
39:01 Murder Holes
40:05 Shinkichon
41:12 Conscription
vitavidal91
10:12 Feudal Age
18:09 Castle Age
22:11 Wheelbarrow
21:25 Loom
21:33 Stone Mining
21:34 Double-Bit Axe
21:31 Horse Collar
28:41 Hand Cart
28:21 Gold Mining
32:40 Imperial Age
34:41 Husbandry
34:53 Bloodlines
36:10 Chemistry
36:53 Light Cavalry
37:42 Scale Barding Armor
37:48 Elite Ballista Elephant
38:31 Double Crossbow
38:54 Ballistics
39:52 Chain Barding Armor
41:46 Siege Engineers
42:45 Conscription
42:57 Forging
42:15 Hussar
felipegarcia92
0:29 Loom
12:56 Feudal Age
17:34 Castle Age
16:00 Double-Bit Axe
16:27 Horse Collar
18:00 Gold Mining
19:47 Bow Saw
20:02 Squires
20:45 Gambesons
23:37 Arson
25:56 Wheelbarrow
26:29 Scale Mail Armor
27:15 Hamask
30:17 Heavy Plow
30:52 Forging
30:34 Fletching
30:44 Padded Archer Armor
33:09 Iron Casting
32:49 Chain Mail Armor
32:59 Caravan
33:46 Thumb Ring
34:21 Hand Cart
35:49 Bodkin Arrow
36:09 Leather Archer Armor
37:01 Thumb Ring
39:41 Light Cavalry
40:32 Bloodlines
40:23 Husbandry
40:37 Bloodlines
nachovallarta3
0:51 Loom
11:47 Feudal Age
18:08 Castle Age
17:00 Double-Bit Axe
17:01 Horse Collar
27:46 Scale Mail Armor
27:38 Fletching
27:49 Padded Archer Armor
27:55 Scale Barding Armor
28:33 Heavy Plow
29:54 Caravan
30:16 Elite Skirmisher
31:19 Leather Archer Armor
31:02 Bodkin Arrow
33:05 Bow Saw
34:05 Chain Barding Armor
pedro-94
11:44 Feudal Age
16:11 Castle Age
14:45 Double-Bit Axe
15:32 Horse Collar
17:46 Bow Saw
24:06 Gold Mining
27:29 Gold Shaft Mining
26:47 Stone Mining
30:14 Imperial Age
30:36 Stone Shaft Mining
30:48 Ballistics
31:17 Heavy Scorpion
32:33 Heavy Plow
33:38 Chemistry
33:12 Double Crossbow
33:39 Conscription
34:27 Tusk Swords
34:43 Scale Barding Armor
34:49 Forging
36:25 Bloodlines
36:16 Husbandry
35:37 Elite Battle Elephant
39:56 Chain Barding Armor
40:11 Iron Casting
41:11 Plate Barding Armor
FOX91
9:59 Feudal Age
13:14 Double-Bit Axe
16:55 Castle Age
14:44 Double-Bit Axe
18:24 Loom
21:53 Gold Mining
25:31 Gold Shaft Mining
24:50 Stone Mining
27:01 Wheelbarrow
30:39 Imperial Age
28:56 Hand Cart
29:10 Forging
29:06 Scale Barding Armor
29:08 Husbandry
30:11 Caravan
30:42 Cavalier
31:56 Scale Barding Armor
32:02 Forging
33:15 Chain Barding Armor
33:50 Paladin
39:57 Plate Barding Armor
43:38 Light Cavalry
44:57 Iron Casting
Vicintore
6:35 Loom
15:52 Feudal Age
21:44 Castle Age
21:13 Double-Bit Axe
26:41 Imperial Age
27:47 Bow Saw
28:57 Padded Archer Armor
30:36 Leather Archer Armor
40:26 Ring Archer Armor
39:48 Fletching
40:57 Wheelbarrow
42:20 Forging
43:48 Hand Cart
Connection lost

Rejoining the realm…

Still unreachable

The connection could not be restored.

Session expired

The server has moved on; the page needs a fresh start.